 Dungeon Crawl Stone Soup version 0.20-a0-1008-g0de3dc5 (webtiles) character file.

18 AlphabetPasta the Skirmisher (level 2, -1/28 HPs)
             Began as a Bultungin Monk on Apr 14, 2017.
             Slain by a hobgoblin
             ... wielding a +0 club
              (3 damage)
             ... on level 1 of the Dungeon.
             The game lasted 00:02:41 (399 turns).

AlphabetPasta the Skirmisher (Bultungin Monk)        Turns: 399, Time: 00:02:42

Health: -1/28      AC:  5    Str: 10    XL:     2   Next: 70%
Magic:  2/2        EV: 13    Int: 10    God:
Gold:   40         SH:  0    Dex: 16    Spells: 1/1 levels left

rFire    . . .     SeeInvis +   l - -2 hand axe (curse)
rCold    . . .     Gourm    .   (no shield)
rNeg     . . .     Faith    .   e - +0 ring mail
rPois    .         Spirit   .   (no helmet)
rElec    .         Reflect  .   (no cloak)
rCorr    .         Harm     .   (no gloves)
MR       .....                  (no boots)
Stlth    ++........             (no amulet)
Regen    0.1/turn               (no ring)
MPRegen  0.1/turn               (no ring)

@: lethally poisoned (-1 -> -9), hasted, very quick
A: short attention span, fangs 1, see invisible, strong nose
a: no special abilities


You were on level 1 of the Dungeon.
You were not hungry.

You visited 1 branch of the dungeon, and saw 1 of its levels.

You collected 40 gold pieces.

Inventory:

Hand Weapons
 f - a +0 spear
 g - a +0 hand axe
 l - a cursed -2 hand axe (weapon)
Armour
 a - a +0 robe
 e - a +0 ring mail (worn)
Scrolls
 d - a scroll of teleportation {unknown}
 i - a scroll of remove curse {unknown}
 j - a scroll of fear {unknown}
 k - a scroll of enchant weapon {unknown}
Comestibles
 b - 2 bread rations
 c - 11 chunks of flesh


   Skills:
 * Level 6.3 Fighting
 * Level 1.7 Axes
 + Level 1.3 Armour
 + Level 5.9 Dodging
 - Level 5.3 Stealth


You had one spell level left.
You didn't know any spells.

Dungeon Overview and Level Annotations

Branches:
Dungeon (1/15)

Altars:


Innate Abilities, Weirdness & Mutations

You have a short attention span.
You have very sharp teeth.
You have supernaturally acute eyesight. (SInv)
Your uncanny sense of smell can sniff out nearby items.


Message History

You hit the hobgoblin.
The hobgoblin is moderately wounded.
* * * LOW HITPOINT WARNING * * *
You feel sick.
You closely miss the hobgoblin. Your bite misses the hobgoblin.
The hobgoblin is moderately wounded.
The kobold shouts!
The hobgoblin completely misses you.
The kobold throws a stone.
The stone barely misses you.
You hit the hobgoblin.
The hobgoblin is severely wounded.
* * * LOW HITPOINT WARNING * * *
You feel sick.
The kobold throws a stone.
The stone hits you but does no damage. The hobgoblin closely misses you.
You hit the hobgoblin but do no damage.
The hobgoblin is severely wounded.
* * * LOW HITPOINT WARNING * * *
You feel sick.
The kobold throws a stone.
The stone closely misses you. The hobgoblin hits you with a club.
You die...

..<#
..#.....###.........
...#
.........#....###### #
...#
.##...........##...##.#
...#
#.######....#.....#.#
...# #. #....#...[...
#### #. ####.#.....#
.###### #.##.)(#
.....)g###.###.###..# ∆
.......@##..........#
.........##..######.#
.. ∆
.................... #.
.........###########
.>.......# .........#
......K.## .#.....##
######


You could see a hobgoblin and a kobold.

Vanquished Creatures
  A giant cockroach (D:1)
  3 goblins (D:1)
  4 hobgoblins (D:1)
  2 bats (D:1)
  4 frilled lizards (D:1)
  2 kobolds (D:1)
  2 rats (D:1)
18 creatures vanquished.

Notes
Turn   | Place    | Note
-------+----------+-------------------------------------------
     0 | D:1      | AlphabetPasta the Bultungin Monk began the quest for the Orb.
     0 | D:1      | Reached XP level 1. HP: 22/22 MP: 1/1
   182 | D:1      | Reached skill level 6 in Fighting
   214 | D:1      | Reached skill level 1 in Axes
   226 | D:1      | Reached XP level 2. HP: 27/28 MP: 2/2
   229 | D:1      | Reached skill level 1 in Armour
   399 | D:1      | Slain by a hobgoblin

Vault maps used:
D:1:      shiori_arrival_oz, minmay_misc_feat_enclosed

Skill      XL: |  1  2 |
---------------+-------+-----
Fighting       | 6 |  6.3
Axes           | 1 |  1.7
Armour         | 1 |  1.3
Dodging        | |  5.9
Stealth        | |  5.3

Action                   || total
-------------------------++-------
Melee: Unarmed           ||    21
       Spear             ||    42
       Bite              ||     7
       Hand axe          ||    14
  Use: Potion            ||     1
 Stab: Sleeping          ||     6
Armor: Robe              ||     7
       Ring mail         ||    20
Dodge: Dodged            ||    51
